 Dungeon Crawl Stone Soup version 0.25.1-2-g60ff931df9 (webtiles) character file.

Game seed: 4590069991490112555

3106 hawla the Protected (level 9, -9/75 HPs)
             Began as a Minotaur Fighter on Oct 22, 2020.
             Was an Initiate of Gozag.
             Mangled by an orc warrior
             ... wielding a +0 dire flail
              (15 damage)
             ... on level 7 of the Dungeon.
             The game lasted 00:13:10 (6306 turns).

hawla the Protected (Minotaur Fighter)              Turns: 6306, Time: 00:13:10

Health: -9/75      AC: 13    Str: 23    XL:     9   Next: 60%
Magic:  9/9        EV: 11    Int:  5    God:    Gozag
Gold:   746        SH:  0    Dex: 11    Spells: 8/8 levels left

rFire    + . .     SeeInvis .   a - +1 long sword
rCold    . . .     Gourm    .   (no shield)
rNeg     . . .     Faith    .   k - +1 chain mail
rPois    +         Spirit   .   (helmet restricted)
rElec    .         Reflect  .   (no cloak)
rCorr    .         Harm     .   g - +0 pair of gloves
MR       .....                  (no boots)
Stlth    ..........             (no amulet)
HPRegen  0.22/turn              j - ring of protection from fire
MPRegen  0.11/turn              h - ring of poison resistance

@: berserk cooldown, slowed, very slow
A: retaliatory headbutt, horns 2
a: Potion Petition, Call Merchant, Bribe Branch, Renounce Religion


You were on level 7 of the Dungeon.
You worshipped Gozag.
Gozag was pleased with you.
You were not hungry.

You visited 1 branch of the dungeon, and saw 7 of its levels.

You collected 821 gold pieces.
You paid 75 gold pieces to Gozag.

Inventory:

Hand Weapons
 a - a +1 long sword (weapon)
 p - a +2 dagger of electrocution
Missiles
 l - 4 boomerangs (quivered)
Armour
 g - a +0 pair of gloves (worn)
 k - a +1 chain mail (worn)
Jewellery
 h - a ring of poison resistance (right hand)
 j - a ring of protection from fire (left hand)
 w - an uncursed amulet of faith {unknown}
 z - a +6 ring of strength {unknown}
Wands
 o - a wand of paralysis (11)
 r - a wand of flame (19)
 v - a wand of iceblast (5)
Scrolls
 b - 4 scrolls of remove curse
 i - 2 scrolls of teleportation
 s - 3 scrolls of identify
 t - a scroll of fear
 u - 3 scrolls of enchant weapon
 x - a scroll of blinking
 y - a scroll of enchant armour
Potions
 c - 2 potions of berserk rage
 d - 2 potions of might
 m - a potion of haste {unknown}
 n - 3 potions of curing {unknown}
 q - 2 potions of brilliance {unknown}
Comestibles
 f - 10 rations


   Skills:
 + Level 6.2 Fighting
 + Level 4.0(6.2) Short Blades
 + Level 8.3(8.8) Long Blades
 + Level 2.7 Throwing
 + Level 9.5 Armour
 * Level 6.3 Dodging
 + Level 1.0 Stealth
   Level 3.6 Shields
 + Level 1.4 Evocations


You had 8 spell levels left.
You didn't know any spells.
Your spell library was empty.

Dungeon Overview and Level Annotations

Branches:
Dungeon (7/15)
 Temple: D:4-7

Altars:
Fedhas
Gozag
Hepliaklqana


Innate Abilities, Weirdness & Mutations

You reflexively headbutt those who attack you in melee.
You have a pair of horns on your head.


Message History

The orc priest calls upon Beogh to heal the orc.
The orc's wounds heal themselves!
You feel your anger nearly subside.
You are no longer berserk.
You are exhausted.
You feel yourself slow down.
The orc wizard casts a cantrip, but nothing happens.
The orc wizard begins to cast a cantrip, but forgets the words!
Throwing (i - inventory)
l - 4 boomerangs (quivered)
Press: ? - help, Shift-Dir - straight line, f - orc warrior
Aim: an orc warrior, wielding a +0 dire flail and wearing a +0 plate armour (heavily wounded)
You throw a boomerang.
The boomerang barely misses the orc warrior.
The orc warrior closely misses you.
The orc wizard mumbles some strange words.
The orc wizard flickers and vanishes!
Deactivating autopickup; reactivate with Ctrl-A.
It was a potion of magic.
Magic courses through your body.
The orc warrior hits you with a +0 dire flail!
You die...
Your body crumbles into a pile of gold.

≈ ##### #######h≈
#...#####....p.p≈
###.#..o.o.op.##..≈
#.@o..######.># ...
#.##....####..##...
#.##....(.....o....
#.##....##.#####...
#.##.#.###.# ...
#.##.#.# #.# ...
#.##.#.# #.#
#.##.#.# #.#
#.##.... ...


You could see an orc warrior, an orc priest and an orc.

Vanquished Creatures
  Pikel (D:7)
  Prince Ribbit (D:5)
  The ghost of Godmorgon the Cutter, an amateur KoBe of Trog (D:3)
  A hungry ghost (D:6)
  Edmund (D:6)
  A water moccasin (D:5)
  An orc warrior (D:6)
  A phantom (D:6)
  2 ice beasts (D:6)
  5 ogres
  A bullfrog (D:6)
  2 scorpions (D:4)
  2 howler monkeys
  3 hounds
  A jelly (D:7)
  5 orc priests
  8 orc wizards
  A bullfrog skeleton (D:6)
  3 iguanas
  A worker ant (D:4)
  A hound skeleton (D:6)
  A howler monkey zombie (D:3)
  Robin (D:2)
  3 gnolls (D:4)
  A worker ant zombie (D:7)
  7 adders
  A howler monkey skeleton (D:4)
  A shadow imp (D:5)
  2 adder skeletons
  2 adder zombies
  A worm (D:6)
  2 dart slugs (D:4)
  5 leopard geckos
  20 orcs
  10 giant cockroaches
  10 goblins
  7 hobgoblins
  3 jackals (D:3)
  2 ball pythons (D:1)
  7 bats
  2 frilled lizards
  5 kobolds
  A leopard gecko zombie (D:6)
  4 rats
141 creatures vanquished.

Vanquished Creatures (others)
  An orc wizard (D:4)
  An orc (D:7)
  2 jackals (D:7)
4 creatures vanquished.

Grand Total: 145 creatures vanquished

Notes
Turn   | Place    | Note
-------+----------+-------------------------------------------
     0 | D:1      | hawla the Minotaur Fighter began the quest for the Orb.
     0 | D:1      | Reached XP level 1. HP: 19/19 MP: 0/0
   182 | D:1      | Reached XP level 2. HP: 27/27 MP: 1/1
   244 | D:1      | Reached skill level 1 in Dodging
   271 | D:1      | Reached skill level 4 in Armour
   643 | D:1      | Reached XP level 3. HP: 33/33 MP: 2/2
   763 | D:2      | Noticed Robin
   784 | D:2      | Killed Robin
  1238 | D:2      | Found a blossoming altar of Fedhas.
  1285 | D:2      | Reached XP level 4. HP: 39/40 MP: 3/3
  1962 | D:3      | Reached XP level 5. HP: 47/47 MP: 4/4
  2107 | D:3      | Found a runed translucent gate.
  2108 | D:3      | Found a runed translucent gate.
  2108 | D:3      | Found a runed translucent gate.
  2109 | D:3      | Noticed Godmorgon's ghost (amateur KoBe)
  2530 | D:4      | Reached skill level 5 in Armour
  2536 | D:4      | Reached skill level 1 in Short Blades
  2714 | D:4      | Reached XP level 6. HP: 40/53 MP: 5/5
  3126 | D:4      | Reached skill level 1 in Throwing
  3126 | D:4      | Reached skill level 6 in Armour
  3126 | D:4      | Reached XP level 7. HP: 47/60 MP: 6/6
  3260 | D:4      | Found an opulent altar of Gozag.
  3268 | D:4      | Became a worshipper of Gozag Ym Sagoz the Greedy
  3612 | D:4      | Reached skill level 5 in Long Blades
  4182 | D:3      | Killed Godmorgon's ghost
  4182 | D:3      | Reached skill level 5 in Fighting
  4182 | D:3      | Reached skill level 7 in Armour
  4260 | D:5      | Entered Level 5 of the Dungeon
  4332 | D:4      | Reached XP level 8. HP: 31/68 MP: 7/7
  4570 | D:5      | Noticed Prince Ribbit
  4738 | D:5      | Found a hazy altar of Hepliaklqana.
  4933 | D:5      | Killed Prince Ribbit
  4933 | D:5      | Reached skill level 1 in Evocations
  5014 | D:5      | Reached skill level 8 in Armour
  5260 | D:6      | Noticed Edmund
  5271 | D:6      | Killed Edmund
  5271 | D:6      | Reached skill level 5 in Dodging
  5361 | D:6      | Reached XP level 9. HP: 55/75 MP: 9/9
  5510 | D:6      | Reached skill level 9 in Armour
  6271 | D:7      | Noticed Pikel
  6292 | D:7      | Killed Pikel
  6292 | D:7      | Reached skill level 1 in Stealth
  6306 | D:7      | Mangled by an orc warrior

Illustrated notes

Levels and vault maps discovered:
D:1:      minmay_arrival_shattered_statue, layout_basic, minivault_24,
          minmay_misc_feat_x
D:2:      layout_basic, fedhas_altar_2, uniq_robin
D:3:      layout_loops_ring, gammafunk_ghost_necromancy, grunt_decor_resistance
D:4:      layout_basic, kennysheep_little_box, serial_curves, eino_curves_04,
          eino_curves_02, eino_curves_02, eino_curves_01
D:5:      layout_gridville, kennysheep_mini_moat, first_ration,
          minmay_misc_feat_secret_circle, uniq_prince_ribbit1
D:6:      layout_loops_cross, uniq_edmund
D:7:      layout_loops_ring, zin_academy, temple_pool_b, basic_altar,
          lightli_orcish_oven, uniq_pikel

Skill      XL: |  1  2  3  4  5  6  7  8  9 |
---------------+----------------------------+-----
Dodging        | 1 2 3 4 5 6 |  6.3
Armour         | 4 5 6 7 8 9 |  9.5
Fighting       | 4 5 6 |  6.2
Long Blades    | 3 4 5 7 8 |  8.3
Short Blades   | 1 2 3 4 |  4.0
Throwing       | 1 2 |  2.7
Evocations     | 1 |  1.4
Stealth        | 1 |  1.0
Shields        | |  3.6

Action                   |  1- 3 |  4- 6 |  7- 9 || total
-------------------------+-------+-------+-------++-------
Melee: Long sword        |    46 |    31 |   129 ||   206
       Headbutt          |     8 |    16 |    53 ||    77
       Dagger            |    29 |    83 |    73 ||   185
Throw: Boomerang         |       |     7 |    14 ||    21
Evoke: Wand              |       |       |     7 ||     7
  Use: Scroll            |     6 |     4 |     6 ||    16
       Potion            |       |       |     2 ||     2
  Eat: Chunk             |     1 |     3 |       ||     4
       Ration            |       |     1 |     4 ||     5
Armor: Scale mail        |     4 |       |       ||     4
       Chain mail        |    41 |    84 |    74 ||   199
Dodge: Dodged            |    44 |    50 |    86 ||   180
       Rpst.: Long sword |     5 |     6 |    28 ||    39
